 Dungeon Crawl Stone Soup version 0.14-a0-305-g056651f (webtiles) character file.

129 PolkaDot the Chiller (level 3, -5/24 HPs)
             Began as a Vampire Ice Elementalist on Oct 19, 2013.
             Slain by Sigmund
             ... wielding a +2,+4 scythe of dragon slaying
              (14 damage)
             ... on Level 2 of the Dungeon.
             The game lasted 00:07:22 (1279 turns).

PolkaDot the Chiller (Vampire Ice Elementalist)     Turns: 1279, Time: 00:07:22

HP  -5/24        AC  2     Str  7      XL: 3   Next: 35%
MP   3/6         EV 12     Int 18      God:
Gold 87          SH  0     Dex 14      Spells:  1 memorised,  3 levels left

Res.Fire  : . . .   See Invis. : +   (no weapon)
Res.Cold  : . . .   Warding    : .   a - +0 robe
Life Prot.: . . .   Conserve   : .   (no shield)
Res.Poison: .       Res.Corr.  : .   (no helmet)
Res.Elec. : .       Clarity    : .   (no cloak)
Sust.Abil.: . .     Spirit.Shd : .   (no gloves)
Res.Mut.  : .       Stasis     : .   (no boots)
Res.Rott. : .       Flight     : .   (no amulet)
Saprovore : . . .                    (no ring)
                                     (no ring)

@: regenerating quickly, slightly resistant to hostile enchantments, stealthy
A: fangs 3, see invisible, unbreathing
a: no special abilities


You were on level 2 of the Dungeon.
You were full.

You visited 1 branch of the dungeon, and saw 2 of its levels.

You collected 67 gold pieces.

Inventory:

Armour
 a - a +0 robe (worn)
Scrolls
 d - a scroll of remove curse {unknown}
 e - a scroll of fog {unknown}
 f - a scroll of blinking {unknown}
 g - 2 scrolls of identify {unknown}
 i - a scroll of enchant weapon II {unknown}
Books
 b - a book of Frost

   Spells                             Type                      Level
   *Freeze                            Ice                          1
   Throw Frost                        Conjuration/Ice              2
   Ozocubu's Armour                   Charms/Ice                   3
   Throw Icicle                       Conjuration/Ice              4
   Summon Ice Beast                   Ice/Summoning                4
   Condensation Shield                Ice                          4


   Skills:
 - Level 2.1 Dodging
 - Level 3.0 Stealth
 - Level 1.0 Spellcasting
   Level 0.6 Conjurations
 * Level 4.4 Ice Magic


You had 3 spell levels left.
You knew the following spells:

 Your Spells              Type           Power        Failure   Level  Hunger
a - Freeze                Ice            ###.         3%          1    ##.....


Dungeon Overview and Level Annotations

Branches:
Dungeon (2/27)

Altars:

Annotations:
D:2 Sigmund


Innate Abilities, Weirdness & Mutations

Your natural rate of healing is unusually fast.
You have razor-sharp teeth.*
You have supernaturally acute eyesight.
You can survive without breathing.*


Message History

Sigmund is lightly wounded.
Casting: Freeze
Confirm with . or Enter, or press ? or * to list all spells.
Aiming: Freeze
Press: ? - help, Shift-Dir - straight line, f/p - Sigmund
Aim: Sigmund, wielding a runed scythe and wearing a robe (lightly wounded, slightly transparent)
You freeze Sigmund.
Sigmund is moderately wounded.
Sigmund gestures at you while chanting. The magic dart hits you!
Casting: Freeze
Confirm with . or Enter, or press ? or * to list all spells.
Aiming: Freeze
Press: ? - help, Shift-Dir - straight line, f/p - Sigmund
Aim: Sigmund, wielding a runed scythe and wearing a robe (moderately wounded, slightly transparent)
You freeze Sigmund.
Sigmund is moderately wounded.
Sigmund hits you with a runed scythe!
Ouch! That really hurt!
You die...

#.# #.# ####### #.#
#.....###### #.#
#####..(......#
#.##.#####.#
#.........#
#.##$......#
#.........#
#.##.......#
#....<....#
#.##.=....@#
#............$
#.##<.....@#
#.....#######
#.##(......# #..(..#
#.##.......###)....####
#.##.......((..........
#.##.......##..........
#.####..#####..........
##.####..###
#..........
#...##.....# #.......##
#..<##.....###.......#


You could see Sigmund (invisible).

Vanquished Creatures
  An adder (D:2)
  A giant mite (D:1)
  A giant gecko (D:1)
  An ooze (D:1)
  A bat (D:1)
  3 goblins (D:1)
  4 hobgoblins
  2 ball pythons
  2 giant cockroaches (D:1)
  A giant newt (D:1)
  4 kobolds
  5 rats (D:1)
26 creatures vanquished.

Notes
Turn   | Place    | Note
--------------------------------------------------------------
     0 | D:1      | PolkaDot, the Vampire Ice Elementalist, began the quest for the Orb.
     0 | D:1      | Reached XP level 1. HP: 13/13 MP: 4/4
   348 | D:1      | Reached XP level 2. HP: 19/19 MP: 2/5
   746 | D:1      | Reached skill level 4 in Ice Magic
  1023 | D:1      | Reached XP level 3. HP: 24/24 MP: 4/6
  1123 | D:2      | Noticed Sigmund
  1157 | D:2      | Paralysed by a potion of paralysis for 2 turns
  1279 | D:2      | Slain by Sigmund

Action                   || total
-------------------------++-------
Melee: Unarmed           ||     1
 Cast: Freeze            ||    49
  Use: Potion            ||     5
